Philadelphia Flyers vs Calgary Flames
Created - Monday, March 20, 2023 at 07:51
Goals
|
| Philadelphia Flyers |
0 |
1 |
2 |
3 |
| Calgary Flames |
0 |
2 |
0 |
2 |
|
Shots
|
| Philadelphia Flyers |
9 |
14 |
12 |
35 |
| Calgary Flames |
4 |
15 |
8 |
27 |
|
1st period
No Goal
Penalties :
Tyler Bertuzzi (PHI) for High sticking (Minor) at 3:56, Kevin Fiala (CGY) for High sticking (Double Minor) at 10:14, Travis Sanheim (CGY) for Hooking (Minor) at 15:58
2nd period
1. Calgary Flames , Timo Meier 3 (Zach Hyman 5, Sebastian Aho 3) at 2:39
2. Philadelphia Flyers , Ben Chiarot 1 (Yanni Gourde 4, Evan Rodrigues 2) at 14:08
3. Calgary Flames , Ryan Ellis 1 (Valeri Nichushkin 3, J.T. Miller 5) at 19:41 (PP)
Penalties :
Zach Hyman (CGY) for Elbowing (Minor) at 14:52, Alexander Edler (PHI) for Tripping (Minor) at 18:25
3rd period
4. Philadelphia Flyers , Elias Lindholm 4 (Tyler Bertuzzi 4) at 4:22
5. Philadelphia Flyers , Matt Boldy 3 (Yanni Gourde 5) at 11:43
Penalties :
Kevin Fiala (CGY) for Slashing (Double Minor) at 4:27, Max Pacioretty (CGY) for Hooking (Minor) at 17:24
Goalie Stats
Linus Ullmark (PHI), 25 saves from 27 shots - (0.926), W, 4-1-0, 60:00 minutes
Thatcher Demko (CGY), 32 saves from 35 shots - (0.914), L, 3-2-1, 60:00 minutes
Players Stats for Philadelphia Flyers
Player Name G A P +/- PIM S H SB GA TA FO MP PP MP PK MP
------------------------------------------------------------------------------------
Alexander Barabanov 0 0 0 0 0 3 0 0 0 1 0/2 16:44 2:12 0:53
Alexander Edler 0 0 0 0 2 0 1 0 0 0 0/0 19:09 5:29 0:00
Ben Chiarot 1 0 1 2 0 4 3 2 0 1 0/0 17:56 0:42 1:46
Calle Jarnkrok 0 0 0 0 0 2 0 0 0 0 8/12 12:21 0:00 1:37
Calvin de Haan 0 0 0 0 0 1 0 1 0 1 0/0 14:03 1:29 0:00
Carter Verhaeghe 0 0 0 0 0 6 0 1 1 1 0/0 16:18 5:26 0:00
Elias Lindholm 1 0 1 0 0 2 0 1 0 0 11/26 20:54 6:42 1:29
Evan Rodrigues 0 1 1 2 0 4 1 1 0 0 0/1 10:43 0:16 0:00
Evgenii Dadonov 0 0 0 0 0 1 2 1 0 0 0/2 16:27 5:34 0:00
Justin Faulk 0 0 0 2 0 0 1 1 1 1 0/0 24:11 7:13 1:46
Marcus Johansson 0 0 0 0 0 3 1 0 0 0 1/3 10:35 1:47 0:09
Matt Boldy 1 0 1 2 0 1 2 0 1 0 0/1 17:01 6:20 0:13
Matt Roy 0 0 0 0 0 0 2 1 0 2 0/0 21:26 5:29 1:29
Oliver Ekman-Larsson 0 0 0 0 0 0 1 2 1 0 0/0 23:14 7:28 1:29
Riley Sheahan 0 0 0 0 0 0 0 1 0 0 3/6 7:59 0:00 0:00
Tomas Tatar 0 0 0 0 0 2 1 0 1 0 0/0 9:58 1:22 0:00
Tyler Bertuzzi 0 1 1 0 2 2 3 0 1 0 0/3 20:08 6:42 0:32
Yanni Gourde 0 2 2 2 0 4 0 1 1 0 4/7 17:36 5:24 1:37
Players Stats for Calgary Flames
Player Name G A P +/- PIM S H SB GA TA FO MP PP MP PK MP
------------------------------------------------------------------------------------
Drew Doughty 0 0 0 -1 0 1 3 4 0 0 0/0 23:50 1:33 7:28
Garnet Hathaway 0 0 0 0 0 2 1 0 0 0 0/0 6:52 0:00 0:00
J.T. Miller 0 1 1 -1 0 2 0 1 0 0 16/30 17:17 1:37 1:04
Jeff Petry 0 0 0 -1 0 0 2 2 0 0 0/0 23:54 1:33 6:51
Joel Eriksson Ek 0 0 0 -1 0 1 0 0 0 0 0/2 10:50 1:38 0:00
Kevin Fiala 0 0 0 -1 8 2 1 1 1 0 0/0 15:48 1:37 0:00
Kris Russell 0 0 0 0 0 0 1 0 0 1 0/0 16:21 0:00 1:53
Logan Couture 0 0 0 -1 0 2 1 0 0 1 8/11 15:46 0:00 6:23
Mathieu Joseph 0 0 0 0 0 0 1 0 0 1 0/0 10:49 0:00 3:41
Max Pacioretty 0 0 0 -1 2 3 0 0 1 0 0/0 9:30 0:00 0:00
Nic Dowd 0 0 0 0 0 0 0 1 0 0 1/2 10:23 0:00 3:21
Ryan Ellis 1 0 1 -1 0 4 2 0 0 1 0/0 15:34 1:42 0:31
Ryan McDonagh 0 0 0 0 0 0 0 2 1 0 0/0 20:15 0:00 5:56
Sebastian Aho 0 1 1 0 0 3 2 0 0 0 8/14 17:44 0:00 5:27
Timo Meier 1 0 1 0 0 5 2 0 2 1 1/1 13:11 1:38 0:00
Travis Sanheim 0 0 0 -1 2 0 0 0 0 2 0/0 20:07 1:42 5:11
Valeri Nichushkin 0 1 1 -1 0 1 2 1 1 0 2/3 18:52 1:37 2:46
Zach Hyman 0 1 1 0 2 1 1 0 1 0 0/0 18:57 1:38 5:08
3 Stars
1 - Ben Chiarot (PHI)
2 - Matt Boldy (PHI)
3 - Yanni Gourde (PHI)
Power Play
Philadelphia Flyers - 0 on 7 Attempt(s) - 0.00%
Calgary Flames - 1 on 2 Attempt(s) - 50.00%
Penalty Kill
Philadelphia Flyers - 1 on 2 Attempt(s) - 50.00%
- Score 0 goal in Penalty Kill
Calgary Flames - 7 on 7 Attempt(s) - 100.00%
- Score 0 goal in Penalty Kill
Team Stat
Philadelphia Flyers - Hits : 18 - Faceoff Wins : 27 - Blocked Shots : 13 - Penalty Minutes : 4
Calgary Flames - Hits : 19 - Faceoff Wins : 36 - Blocked Shots : 12 - Penalty Minutes : 14
Official
Referees : Francis Charron and Eric Furlatt
Linesman : Greg Devorski and Thor Nelson
Game Notes
No Game Note
Finance
Level 1 -- Attendance: 4879 (81.32%) -- Ticket Income $487,900
Level 2 -- Attendance: 3504 (70.08%) -- Ticket Income $210,240
Level 3 -- Attendance: 2958 (98.60%) -- Ticket Income $103,530
Level 4 -- Attendance: 3852 (77.04%) -- Ticket Income $96,300
Luxury Box -- Attendance: 772 (77.20%) -- Ticket Income $154,400
Game was played at the Scotiabank Saddledome.
Total Attendance: 15965 (79.83%)
Total Ticket Income: $1,052,370
Other Income: $368,330
Total Income: $1,420,700
Philadelphia Flyers
5 vs 5 Forward
Center Left Wing Right Wing Time % Phy DF OF
1 Elias Lindholm Tyler Bertuzzi Alexander Barabanov 30 1 1 3
2 Yanni Gourde Matt Boldy Evan Rodrigues 25 0 2 3
3 Calle Jarnkrok Carter Verhaeghe Evgenii Dadonov 25 0 2 3
4 Riley Sheahan Tomas Tatar Marcus Johansson 20 1 2 2
5 vs 5 Defense
Defense Defense Time % Phy DF OF
1 Justin Faulk Ben Chiarot 35 1 2 2
2 Oliver Ekman-Larsson Matt Roy 35 1 2 2
3 Alexander Edler Calvin de Haan 30 1 2 2
4 Justin Faulk Ben Chiarot 0 1 2 2
PowerPlay Forward
Center Left Wing Right Wing Time % Phy DF OF
1 Elias Lindholm Tyler Bertuzzi Matt Boldy 55 0 1 4
2 Yanni Gourde Carter Verhaeghe Evgenii Dadonov 45 0 1 4
PowerPlay Defense
Defense Defense Time % Phy DF OF
1 Justin Faulk Oliver Ekman-Larsson 55 0 2 3
2 Alexander Edler Matt Roy 45 0 2 3
Penalty Kill 4 Players Forward
Center Wing Time % Phy DF OF
1 Elias Lindholm Tyler Bertuzzi 50 1 3 1
2 Yanni Gourde Calle Jarnkrok 50 1 3 1
Penalty Kill 4 Players Defense
Defense Defense Time % Phy DF OF
1 Justin Faulk Ben Chiarot 50 1 4 0
2 Oliver Ekman-Larsson Matt Roy 50 1 4 0
Penalty Kill - 3 Players Forward
Forward Time % Phy DF OF
1 Elias Lindholm 50 0 4 1
2 Yanni Gourde 50 0 4 1
Penalty Kill - 3 Players Defense
Defense Defense Time % Phy DF OF
1 Justin Faulk Ben Chiarot 50 0 5 0
2 Oliver Ekman-Larsson Matt Roy 50 0 5 0
4 vs 4 Forward
Center Wing Time % Phy DF OF
1 Elias Lindholm Tyler Bertuzzi 50 1 1 3
2 Yanni Gourde Matt Boldy 50 1 1 3
4 vs 4 Defense
Defense Defense Time % Phy DF OF
1 Justin Faulk Ben Chiarot 50 1 2 2
2 Oliver Ekman-Larsson Matt Roy 50 1 2 2
Last Minutes Offensive
Center Left Wing Right Wing Defense Defense
Elias Lindholm Tyler Bertuzzi Matt Boldy Justin Faulk Oliver Ekman-Larsson
Last Minutes Defensive
Center Left Wing Right Wing Defense Defense
Elias Lindholm Tyler Bertuzzi Yanni Gourde Justin Faulk Ben Chiarot
Goaltenders
Starting : Linus Ullmark
Backup : Mackenzie Blackwood
Extra Forwards
Normal : Elias Lindholm, Yanni Gourde, Carter Verhaeghe - PP : Elias Lindholm, Yanni Gourde - PK : Elias Lindholm
Extra Defensemen
Normal : Justin Faulk, Oliver Ekman-Larsson, Alexander Edler - PP : Justin Faulk - PK : Ben Chiarot, Matt Roy
Penalty Shots
Evan Rodrigues, Calle Jarnkrok, Matt Roy, Calvin de Haan, Riley Sheahan
Calgary Flames
5 vs 5 Forward
Center Left Wing Right Wing Time % Phy DF OF
1 J.T. Miller Kevin Fiala Valeri Nichushkin 35 0 1 4
2 Sebastian Aho Zach Hyman Timo Meier 32 0 2 3
3 Logan Couture Max Pacioretty Joel Eriksson Ek 25 0 3 2
4 Nic Dowd Mathieu Joseph Garnet Hathaway 8 1 3 1
5 vs 5 Defense
Defense Defense Time % Phy DF OF
1 Drew Doughty Jeff Petry 30 0 3 2
2 Travis Sanheim Ryan Ellis 30 0 3 2
3 Ryan McDonagh Kris Russell 30 0 3 2
4 Drew Doughty Jeff Petry 10 0 3 2
PowerPlay Forward
Center Left Wing Right Wing Time % Phy DF OF
1 J.T. Miller Kevin Fiala Valeri Nichushkin 50 0 0 5
2 Joel Eriksson Ek Timo Meier Zach Hyman 50 0 0 5
PowerPlay Defense
Defense Defense Time % Phy DF OF
1 Drew Doughty Jeff Petry 50 0 2 3
2 Travis Sanheim Ryan Ellis 50 0 2 3
Penalty Kill 4 Players Forward
Center Wing Time % Phy DF OF
1 Logan Couture Zach Hyman 60 0 4 1
2 Sebastian Aho Mathieu Joseph 40 0 4 1
Penalty Kill 4 Players Defense
Defense Defense Time % Phy DF OF
1 Drew Doughty Jeff Petry 60 1 2 2
2 Travis Sanheim Ryan McDonagh 40 1 2 2
Penalty Kill - 3 Players Forward
Forward Time % Phy DF OF
1 Nic Dowd 60 0 5 0
2 Logan Couture 40 0 5 0
Penalty Kill - 3 Players Defense
Defense Defense Time % Phy DF OF
1 Drew Doughty Jeff Petry 60 1 2 2
2 Travis Sanheim Ryan McDonagh 40 1 2 2
4 vs 4 Forward
Center Wing Time % Phy DF OF
1 Joel Eriksson Ek Max Pacioretty 60 1 2 2
2 Logan Couture Timo Meier 40 1 2 2
4 vs 4 Defense
Defense Defense Time % Phy DF OF
1 Drew Doughty Jeff Petry 60 1 2 2
2 Travis Sanheim Ryan Ellis 40 1 2 2
Last Minutes Offensive
Center Left Wing Right Wing Defense Defense
J.T. Miller Sebastian Aho Zach Hyman Drew Doughty Jeff Petry
Last Minutes Defensive
Center Left Wing Right Wing Defense Defense
J.T. Miller Sebastian Aho Logan Couture Drew Doughty Ryan McDonagh
Goaltenders
Starting : Thatcher Demko
Backup : Sam Montembeault
Extra Forwards
Normal : Max Pacioretty, Mathieu Joseph, Timo Meier - PP : Max Pacioretty, Mathieu Joseph - PK : Nic Dowd
Extra Defensemen
Normal : Ryan McDonagh, Kris Russell, Travis Sanheim - PP : Ryan McDonagh - PK : Kris Russell, Travis Sanheim
Penalty Shots
J.T. Miller, Kevin Fiala, Valeri Nichushkin, Max Pacioretty, Joel Eriksson Ek
% Time on Ice - Philadelphia Flyers
Lines # - Real PCT - Wanted PCT - Time Play
Normal Forward
1 - 31% - 30% - 12:55
2 - 25% - 25% - 10:36
3 - 25% - 25% - 10:44
4 - 19% - 20% - 7:59
Normal Defense
1 - 36% - 35% - 15:12
2 - 34% - 35% - 14:28
3 - 30% - 30% - 12:34
4 - 0% - 0% - 0:00
PP Forward
1 - 54% - 55% - 7:27
2 - 46% - 45% - 6:28
PP Defense
1 - 61% - 55% - 8:26
2 - 39% - 45% - 5:29
PK Forward
1 - 50% - 50% - 1:38
2 - 50% - 50% - 1:37
PK Defense
1 - 54% - 50% - 1:46
2 - 46% - 50% - 1:29
PK3 Forward
1 - 0% - 50%
2 - 0% - 50%
PK3 Defense
1 - 0% - 50%
2 - 0% - 50%
44 Forward
1 - 0% - 50%
2 - 0% - 50%
44 Defense
1 - 0% - 50%
2 - 0% - 50%
Last Minute Offensive - 0:00
Last Minute Defensive - 0:36
Total
Forward - 60:00
Defense - 60:00
|
% Time on Ice - Calgary Flames
Lines # - Real PCT - Wanted PCT - Time Play
Normal Forward
1 - 34% - 35% - 14:22
2 - 28% - 32% - 11:49
3 - 22% - 25% - 9:21
4 - 16% - 8% - 6:52
Normal Defense
1 - 30% - 30% - 12:54
2 - 32% - 30% - 13:34
3 - 33% - 30% - 14:07
4 - 4% - 10% - 1:49
PP Forward
1 - 50% - 50% - 1:37
2 - 50% - 50% - 1:38
PP Defense
1 - 48% - 50% - 1:33
2 - 52% - 50% - 1:42
PK Forward
1 - 74% - 60% - 10:14
2 - 26% - 40% - 3:41
PK Defense
1 - 61% - 60% - 8:28
2 - 39% - 40% - 5:27
PK3 Forward
1 - 0% - 60%
2 - 0% - 40%
PK3 Defense
1 - 0% - 60%
2 - 0% - 40%
44 Forward
1 - 0% - 60%
2 - 0% - 40%
44 Defense
1 - 0% - 60%
2 - 0% - 40%
Last Minute Offensive - 0:26
Last Minute Defensive - 0:00
Total
Forward - 60:00
Defense - 60:00
|
Play-by-Play
1st period
0:01 of 1st period - J.T. Miller wins face-off versus Elias Lindholm in neutral zone.
0:19 of 1st period - Icing by Kevin Fiala.
0:20 of 1st period - Valeri Nichushkin wins face-off versus Yanni Gourde in Calgary Flames zone.
0:27 of 1st period - Snap shot by Kevin Fiala.
0:27 of 1st period - Shot Misses the Net.
0:29 of 1st period - Backhand shot by Drew Doughty.
0:29 of 1st period - Stopped by Linus Ullmark with a rebound.
0:35 of 1st period - Wrist shot by Kevin Fiala.
0:35 of 1st period - Shot Misses the Net.
0:37 of 1st period - Backhand shot by J.T. Miller.
0:37 of 1st period - Shot Misses the Net.
0:39 of 1st period - Wrist shot by J.T. Miller.
0:39 of 1st period - Shot Blocked by Oliver Ekman-Larsson.
0:43 of 1st period - Snap shot by Kevin Fiala.
0:43 of 1st period - Stopped by Linus Ullmark with a rebound.
1:27 of 1st period - Wrist shot by Evan Rodrigues.
1:27 of 1st period - Stopped by Thatcher Demko without a rebound.
1:28 of 1st period - Calle Jarnkrok wins face-off versus Sebastian Aho in Calgary Flames zone.
1:31 of 1st period - Slapshot by Evgenii Dadonov.
1:31 of 1st period - Deflect By Carter Verhaeghe.
1:31 of 1st period - Stopped by Thatcher Demko with a rebound.
1:55 of 1st period - Calvin de Haan is hit by Ryan Ellis and loses puck.
2:28 of 1st period - Garnet Hathaway is hit by Alexander Edler and loses puck.
3:05 of 1st period - Wrist shot by Tomas Tatar.
3:05 of 1st period - Stopped by Thatcher Demko with a rebound.
3:07 of 1st period - Slapshot by Justin Faulk.
3:07 of 1st period - Shot Blocked by Ryan McDonagh.
3:42 of 1st period - Icing by Mathieu Joseph.
3:43 of 1st period - Sebastian Aho wins face-off versus Calle Jarnkrok in Calgary Flames zone.
3:43 of 1st period - Sebastian Aho is hit by Ben Chiarot.
3:51 of 1st period - Snap shot by Timo Meier.
3:51 of 1st period - Stopped by Linus Ullmark without a rebound.
3:52 of 1st period - Sebastian Aho wins face-off versus Alexander Barabanov in Philadelphia Flyers zone.
3:56 of 1st period - Minor Penalty to Tyler Bertuzzi for High sticking.
3:57 of 1st period - Elias Lindholm wins face-off versus J.T. Miller in Philadelphia Flyers zone.
5:56 of 1st period - Penalty to Tyler Bertuzzi is over, Tyler Bertuzzi is back on ice.
7:19 of 1st period - Snap shot by Evan Rodrigues.
7:19 of 1st period - Stopped by Thatcher Demko with a rebound.
7:43 of 1st period - Icing by Timo Meier.
7:44 of 1st period - Riley Sheahan wins face-off versus Sebastian Aho in Calgary Flames zone.
8:13 of 1st period - Snap shot by Tyler Bertuzzi.
8:13 of 1st period - Shot Misses the Net.
8:27 of 1st period - Wrist shot by Mathieu Joseph.
8:27 of 1st period - Shot Blocked by Ben Chiarot.
8:29 of 1st period - Snap shot by Ryan Ellis.
8:29 of 1st period - Shot Blocked by Carter Verhaeghe.
8:39 of 1st period - Calle Jarnkrok is hit by Mathieu Joseph and loses puck.
9:13 of 1st period - Snap shot by Marcus Johansson.
9:13 of 1st period - Shot Blocked by Jeff Petry.
9:15 of 1st period - Slapshot by Ben Chiarot.
9:15 of 1st period - Stopped by Thatcher Demko without a rebound.
9:16 of 1st period - Riley Sheahan wins face-off versus J.T. Miller in Calgary Flames zone.
9:17 of 1st period - Wrist shot by Marcus Johansson.
9:17 of 1st period - Stopped by Thatcher Demko with a rebound.
9:25 of 1st period - Wrist shot by Tomas Tatar.
9:25 of 1st period - Stopped by Thatcher Demko with a rebound.
9:31 of 1st period - Slapshot by Marcus Johansson.
9:31 of 1st period - Stopped by Thatcher Demko with a rebound.
9:43 of 1st period - Icing by Oliver Ekman-Larsson.
9:44 of 1st period - Sebastian Aho wins face-off versus Elias Lindholm in Philadelphia Flyers zone.
9:47 of 1st period - Slapshot by Timo Meier.
9:47 of 1st period - Stopped by Linus Ullmark with a rebound.
10:01 of 1st period - Snap shot by Tyler Bertuzzi.
10:01 of 1st period - Shot Misses the Net.
10:03 of 1st period - Slapshot by Calvin de Haan.
10:03 of 1st period - Stopped by Thatcher Demko without a rebound.
10:04 of 1st period - Calle Jarnkrok wins face-off versus J.T. Miller in Calgary Flames zone.
10:14 of 1st period - Double Minor Penalty to Kevin Fiala for High sticking.
10:15 of 1st period - Logan Couture wins face-off versus Elias Lindholm in Calgary Flames zone.
10:19 of 1st period - Elias Lindholm is hit by Drew Doughty.
11:16 of 1st period - Tyler Bertuzzi is hit by Logan Couture and loses puck.
14:14 of 1st period - Penalty to Kevin Fiala is over, Kevin Fiala is back on ice.
14:22 of 1st period - Mathieu Joseph is hit by Matt Roy and loses puck.
14:33 of 1st period - Ben Chiarot is hit by Ryan Ellis and loses puck.
15:02 of 1st period - Alexander Edler is hit by Valeri Nichushkin and loses puck.
15:21 of 1st period - Calvin de Haan is hit by Timo Meier and loses puck.
15:58 of 1st period - Minor Penalty to Travis Sanheim for Hooking.
15:59 of 1st period - Logan Couture wins face-off versus Elias Lindholm in Calgary Flames zone.
16:44 of 1st period - Kris Russell is hit by Matt Roy and loses puck.
17:58 of 1st period - Penalty to Travis Sanheim is over, Travis Sanheim is back on ice.
Goals for this period are 0 for Philadelphia Flyers vs 0 for Calgary Flames.
Shots for this period are 9 for Philadelphia Flyers vs 4 for Calgary Flames.
2nd period
0:01 of 2nd period - Sebastian Aho wins face-off versus Elias Lindholm in neutral zone.
0:32 of 2nd period - Snap shot by Evan Rodrigues.
0:32 of 2nd period - Shot Blocked by Drew Doughty.
0:34 of 2nd period - Slapshot by Ben Chiarot.
0:34 of 2nd period - Shot Misses the Net.
0:36 of 2nd period - Wrist shot by Matt Boldy.
0:36 of 2nd period - Shot Misses the Net.
0:52 of 2nd period - Justin Faulk is hit by Drew Doughty.
0:58 of 2nd period - Wrist shot by Calle Jarnkrok.
0:58 of 2nd period - Shot Blocked by Valeri Nichushkin.
1:37 of 2nd period - Matt Roy is hit by Garnet Hathaway.
2:05 of 2nd period - Wrist shot by J.T. Miller.
2:05 of 2nd period - Shot Misses the Net.
2:39 of 2nd period - Wrist shot by Zach Hyman.
2:39 of 2nd period - Deflect By Timo Meier.
2:39 of 2nd period - Goal by Timo Meier - Philadelphia Flyers : 0 - Calgary Flames : 1.
2:40 of 2nd period - Elias Lindholm wins face-off versus J.T. Miller in neutral zone.
3:28 of 2nd period - Yanni Gourde is hit by Jeff Petry and loses puck.
4:34 of 2nd period - Snap shot by Carter Verhaeghe.
4:34 of 2nd period - Stopped by Thatcher Demko with a rebound.
4:56 of 2nd period - Kris Russell is hit by Oliver Ekman-Larsson and loses puck.
5:17 of 2nd period - Wrist shot by J.T. Miller.
5:17 of 2nd period - Shot Misses the Net.
5:19 of 2nd period - Wrist shot by Kevin Fiala.
5:19 of 2nd period - Stopped by Linus Ullmark with a rebound.
5:33 of 2nd period - Snap shot by Mathieu Joseph.
5:33 of 2nd period - Shot Blocked by Oliver Ekman-Larsson.
5:35 of 2nd period - Slapshot by Ryan Ellis.
5:35 of 2nd period - Stopped by Linus Ullmark without a rebound.
5:36 of 2nd period - Timo Meier wins face-off versus Elias Lindholm in Philadelphia Flyers zone.
5:49 of 2nd period - Backhand shot by Alexander Barabanov.
5:49 of 2nd period - Stopped by Thatcher Demko with a rebound.
5:51 of 2nd period - Snap shot by Alexander Barabanov.
5:51 of 2nd period - Stopped by Thatcher Demko without a rebound.
5:52 of 2nd period - Valeri Nichushkin wins face-off versus Evgenii Dadonov in Calgary Flames zone.
6:47 of 2nd period - Snap shot by Evan Rodrigues.
6:47 of 2nd period - Deflect By Max Pacioretty.
6:47 of 2nd period - Stopped by Thatcher Demko with a rebound.
7:09 of 2nd period - Wrist shot by Mathieu Joseph.
7:09 of 2nd period - Shot Misses the Net.
7:11 of 2nd period - Slapshot by Mathieu Joseph.
7:11 of 2nd period - Shot Blocked by Riley Sheahan.
7:29 of 2nd period - Snap shot by Carter Verhaeghe.
7:29 of 2nd period - Stopped by Thatcher Demko with a rebound.
7:31 of 2nd period - Slapshot by Oliver Ekman-Larsson.
7:31 of 2nd period - Shot Blocked by Kevin Fiala.
7:33 of 2nd period - Wrist shot by Calle Jarnkrok.
7:33 of 2nd period - Stopped by Thatcher Demko with a rebound.
7:43 of 2nd period - Slapshot by Timo Meier.
7:43 of 2nd period - Shot Blocked by Elias Lindholm.
7:49 of 2nd period - Zach Hyman is hit by Tyler Bertuzzi and loses puck.
8:09 of 2nd period - Wrist shot by Max Pacioretty.
8:09 of 2nd period - Stopped by Linus Ullmark without a rebound.
8:10 of 2nd period - Calle Jarnkrok wins face-off versus J.T. Miller in Philadelphia Flyers zone.
8:19 of 2nd period - Slapshot by J.T. Miller.
8:19 of 2nd period - Stopped by Linus Ullmark without a rebound.
8:20 of 2nd period - J.T. Miller wins face-off versus Calle Jarnkrok in Philadelphia Flyers zone.
8:41 of 2nd period - Snap shot by Evgenii Dadonov.
8:41 of 2nd period - Stopped by Thatcher Demko without a rebound.
8:42 of 2nd period - Sebastian Aho wins face-off versus Elias Lindholm in Calgary Flames zone.
10:09 of 2nd period - Icing by Max Pacioretty.
10:10 of 2nd period - Logan Couture wins face-off versus Elias Lindholm in Calgary Flames zone.
10:10 of 2nd period - Logan Couture is hit by Tyler Bertuzzi.
10:30 of 2nd period - Snap shot by Logan Couture.
10:30 of 2nd period - Stopped by Linus Ullmark with a rebound.
10:32 of 2nd period - Snap shot by Logan Couture.
10:32 of 2nd period - Stopped by Linus Ullmark with a rebound.
10:34 of 2nd period - Slapshot by Logan Couture.
10:34 of 2nd period - Shot Misses the Net.
10:36 of 2nd period - Wrist shot by Max Pacioretty.
10:36 of 2nd period - Shot Misses the Net.
10:38 of 2nd period - Snap shot by Joel Eriksson Ek.
10:38 of 2nd period - Stopped by Linus Ullmark without a rebound.
10:39 of 2nd period - J.T. Miller wins face-off versus Yanni Gourde in Philadelphia Flyers zone.
11:31 of 2nd period - Ryan McDonagh is hit by Evgenii Dadonov and loses puck.
12:13 of 2nd period - Icing by Evan Rodrigues.
12:14 of 2nd period - J.T. Miller wins face-off versus Evan Rodrigues in Philadelphia Flyers zone.
12:17 of 2nd period - Slapshot by Kevin Fiala.
12:17 of 2nd period - Deflect By Valeri Nichushkin.
12:17 of 2nd period - Shot Misses the Net.
12:17 of 2nd period - Puck is out of play.
12:18 of 2nd period - Elias Lindholm wins face-off versus J.T. Miller in Philadelphia Flyers zone.
12:23 of 2nd period - Backhand shot by Tyler Bertuzzi.
12:23 of 2nd period - Stopped by Thatcher Demko without a rebound.
12:24 of 2nd period - Elias Lindholm wins face-off versus J.T. Miller in Calgary Flames zone.
12:27 of 2nd period - Snap shot by Tyler Bertuzzi.
12:27 of 2nd period - Shot Misses the Net.
12:33 of 2nd period - Snap shot by Elias Lindholm.
12:33 of 2nd period - Deflect By Alexander Barabanov.
12:33 of 2nd period - Stopped by Thatcher Demko with a rebound.
12:35 of 2nd period - Slapshot by Matt Roy.
12:35 of 2nd period - Deflect By Elias Lindholm.
12:35 of 2nd period - Shot Misses the Net.
12:35 of 2nd period - Puck is out of play.
12:36 of 2nd period - Sebastian Aho wins face-off versus Elias Lindholm in Calgary Flames zone.
13:03 of 2nd period - Oliver Ekman-Larsson is hit by Jeff Petry and loses puck.
13:10 of 2nd period - Wrist shot by Yanni Gourde.
13:10 of 2nd period - Stopped by Thatcher Demko without a rebound.
13:11 of 2nd period - J.T. Miller wins face-off versus Calle Jarnkrok in Calgary Flames zone.
13:16 of 2nd period - Slapshot by Evgenii Dadonov.
13:16 of 2nd period - Shot Misses the Net.
14:02 of 2nd period - Snap shot by Evan Rodrigues.
14:02 of 2nd period - Shot Misses the Net.
14:06 of 2nd period - Snap shot by Yanni Gourde.
14:06 of 2nd period - Stopped by Thatcher Demko with a rebound.
14:08 of 2nd period - Wrist shot by Ben Chiarot.
14:08 of 2nd period - Goal by Ben Chiarot - Philadelphia Flyers : 1 - Calgary Flames : 1.
14:09 of 2nd period - J.T. Miller wins face-off versus Alexander Barabanov in neutral zone.
14:35 of 2nd period - Jeff Petry is hit by Evan Rodrigues and loses puck.
14:52 of 2nd period - Minor Penalty to Zach Hyman for Elbowing.
14:53 of 2nd period - Logan Couture wins face-off versus Matt Boldy in Calgary Flames zone.
14:53 of 2nd period - Logan Couture is hit by Matt Boldy.
15:01 of 2nd period - Snap shot by Tyler Bertuzzi.
15:01 of 2nd period - Deflect By Elias Lindholm.
15:01 of 2nd period - Shot Blocked by Nic Dowd.
15:01 of 2nd period - Puck is out of play.
15:02 of 2nd period - Logan Couture wins face-off versus Elias Lindholm in Calgary Flames zone.
15:42 of 2nd period - Wrist shot by Tyler Bertuzzi.
15:42 of 2nd period - Shot Blocked by Drew Doughty.
15:44 of 2nd period - Slapshot by Elias Lindholm.
15:44 of 2nd period - Shot Misses the Net.
15:46 of 2nd period - Snap shot by Elias Lindholm.
15:46 of 2nd period - Shot Misses the Net.
16:08 of 2nd period - Wrist shot by Elias Lindholm.
16:08 of 2nd period - Stopped by Thatcher Demko without a rebound.
16:09 of 2nd period - Yanni Gourde wins face-off versus Nic Dowd in Calgary Flames zone.
16:52 of 2nd period - Penalty to Zach Hyman is over, Zach Hyman is back on ice.
16:53 of 2nd period - Yanni Gourde is hit by Drew Doughty and loses puck.
17:03 of 2nd period - Icing by Valeri Nichushkin.
17:04 of 2nd period - J.T. Miller wins face-off versus Riley Sheahan in Calgary Flames zone.
17:04 of 2nd period - J.T. Miller is hit by Ben Chiarot.
17:12 of 2nd period - Backhand shot by Drew Doughty.
17:12 of 2nd period - Shot Misses the Net.
17:14 of 2nd period - Snap shot by Garnet Hathaway.
17:14 of 2nd period - Stopped by Linus Ullmark without a rebound.
17:15 of 2nd period - Nic Dowd wins face-off versus Elias Lindholm in Philadelphia Flyers zone.
17:32 of 2nd period - Snap shot by Nic Dowd.
17:32 of 2nd period - Shot Misses the Net.
17:46 of 2nd period - Wrist shot by Timo Meier.
17:46 of 2nd period - Stopped by Linus Ullmark without a rebound.
17:47 of 2nd period - Riley Sheahan wins face-off versus Sebastian Aho in Philadelphia Flyers zone.
18:10 of 2nd period - Snap shot by Timo Meier.
18:10 of 2nd period - Stopped by Linus Ullmark without a rebound.
18:11 of 2nd period - Elias Lindholm wins face-off versus Valeri Nichushkin in Philadelphia Flyers zone.
18:25 of 2nd period - Minor Penalty to Alexander Edler for Tripping.
18:26 of 2nd period - Yanni Gourde wins face-off versus Joel Eriksson Ek in Philadelphia Flyers zone.
18:54 of 2nd period - Off-side.
18:55 of 2nd period - Yanni Gourde wins face-off versus J.T. Miller in neutral zone.
19:06 of 2nd period - Wrist shot by Valeri Nichushkin.
19:06 of 2nd period - Deflect By J.T. Miller.
19:06 of 2nd period - Stopped by Linus Ullmark without a rebound.
19:07 of 2nd period - Elias Lindholm wins face-off versus Joel Eriksson Ek in Philadelphia Flyers zone.
19:20 of 2nd period - Yanni Gourde is hit by Zach Hyman.
19:26 of 2nd period - Snap shot by Yanni Gourde.
19:26 of 2nd period - Stopped by Thatcher Demko without a rebound.
19:27 of 2nd period - J.T. Miller wins face-off versus Tyler Bertuzzi in Calgary Flames zone.
19:27 of 2nd period - J.T. Miller is hit by Tyler Bertuzzi.
19:37 of 2nd period - Slapshot by Ryan Ellis.
19:37 of 2nd period - Stopped by Linus Ullmark with a rebound.
19:39 of 2nd period - Snap shot by Valeri Nichushkin.
19:39 of 2nd period - Stopped by Linus Ullmark with a rebound.
19:41 of 2nd period - Slapshot by Ryan Ellis.
19:41 of 2nd period - Goal by Ryan Ellis - Philadelphia Flyers : 1 - Calgary Flames : 2.
19:42 of 2nd period - J.T. Miller wins face-off versus Elias Lindholm in neutral zone.
Goals for this period are 1 for Philadelphia Flyers vs 2 for Calgary Flames.
Shots for this period are 14 for Philadelphia Flyers vs 15 for Calgary Flames.
3rd period
0:01 of 3rd period - Calle Jarnkrok wins face-off versus J.T. Miller in neutral zone.
0:04 of 3rd period - Snap shot by Calle Jarnkrok.
0:04 of 3rd period - Shot Hit the Post.
0:48 of 3rd period - Snap shot by Tyler Bertuzzi.
0:48 of 3rd period - Shot Misses the Net.
0:58 of 3rd period - Wrist shot by Evan Rodrigues.
0:58 of 3rd period - Stopped by Thatcher Demko without a rebound.
0:59 of 3rd period - Calle Jarnkrok wins face-off versus J.T. Miller in Calgary Flames zone.
1:00 of 3rd period - Snap shot by Carter Verhaeghe.
1:00 of 3rd period - Stopped by Thatcher Demko with a rebound.
1:48 of 3rd period - Snap shot by Mathieu Joseph.
1:48 of 3rd period - Deflect By Garnet Hathaway.
1:48 of 3rd period - Stopped by Linus Ullmark with a rebound.
1:50 of 3rd period - Snap shot by Ryan Ellis.
1:50 of 3rd period - Shot Blocked by Matt Roy.
2:22 of 3rd period - Snap shot by Yanni Gourde.
2:22 of 3rd period - Shot Misses the Net.
3:01 of 3rd period - Snap shot by Ryan Ellis.
3:01 of 3rd period - Stopped by Linus Ullmark without a rebound.
3:02 of 3rd period - J.T. Miller wins face-off versus Elias Lindholm in Philadelphia Flyers zone.
3:28 of 3rd period - Calle Jarnkrok is hit by Timo Meier and loses puck.
3:36 of 3rd period - Icing by Timo Meier.
3:37 of 3rd period - Sebastian Aho wins face-off versus Riley Sheahan in Calgary Flames zone.
3:48 of 3rd period - Tomas Tatar is hit by Sebastian Aho and loses puck.
4:01 of 3rd period - Snap shot by Timo Meier.
4:01 of 3rd period - Shot Misses the Net.
4:10 of 3rd period - Snap shot by Sebastian Aho.
4:10 of 3rd period - Stopped by Linus Ullmark without a rebound.
4:11 of 3rd period - J.T. Miller wins face-off versus Elias Lindholm in Philadelphia Flyers zone.
4:22 of 3rd period - Snap shot by Elias Lindholm.
4:22 of 3rd period - Goal by Elias Lindholm - Philadelphia Flyers : 2 - Calgary Flames : 2.
4:23 of 3rd period - Elias Lindholm wins face-off versus J.T. Miller in neutral zone.
4:27 of 3rd period - Double Minor Penalty to Kevin Fiala for Slashing.
4:28 of 3rd period - Elias Lindholm wins face-off versus Logan Couture in Calgary Flames zone.
6:59 of 3rd period - Sebastian Aho is hit by Marcus Johansson.
8:16 of 3rd period - Icing by Matt Roy.
8:17 of 3rd period - J.T. Miller wins face-off versus Marcus Johansson in Philadelphia Flyers zone.
8:27 of 3rd period - Penalty to Kevin Fiala is over, Kevin Fiala is back on ice.
8:56 of 3rd period - Ben Chiarot is hit by Valeri Nichushkin and loses puck.
9:10 of 3rd period - Off-side.
9:11 of 3rd period - Sebastian Aho wins face-off versus Tyler Bertuzzi in neutral zone.
9:20 of 3rd period - Snap shot by Elias Lindholm.
9:20 of 3rd period - Shot Misses the Net.
9:38 of 3rd period - Jeff Petry is hit by Ben Chiarot and loses puck.
9:43 of 3rd period - Wrist shot by Tomas Tatar.
9:43 of 3rd period - Deflect By Marcus Johansson.
9:43 of 3rd period - Shot Blocked by Drew Doughty.
9:43 of 3rd period - Puck is out of play.
9:44 of 3rd period - Calle Jarnkrok wins face-off versus Logan Couture in Calgary Flames zone.
10:02 of 3rd period - Icing by Matt Roy.
10:03 of 3rd period - Calle Jarnkrok wins face-off versus J.T. Miller in Philadelphia Flyers zone.
10:08 of 3rd period - Slapshot by Oliver Ekman-Larsson.
10:08 of 3rd period - Shot Blocked by J.T. Miller.
10:10 of 3rd period - Slapshot by Matt Roy.
10:10 of 3rd period - Shot Misses the Net.
10:12 of 3rd period - Slapshot by Oliver Ekman-Larsson.
10:12 of 3rd period - Shot Misses the Net.
10:14 of 3rd period - Snap shot by Carter Verhaeghe.
10:14 of 3rd period - Shot Misses the Net.
10:16 of 3rd period - Wrist shot by Evgenii Dadonov.
10:16 of 3rd period - Shot Blocked by Drew Doughty.
10:18 of 3rd period - Snap shot by Carter Verhaeghe.
10:18 of 3rd period - Stopped by Thatcher Demko without a rebound.
10:19 of 3rd period - Elias Lindholm wins face-off versus Sebastian Aho in Calgary Flames zone.
11:02 of 3rd period - Snap shot by Max Pacioretty.
11:02 of 3rd period - Shot Blocked by Justin Faulk.
11:35 of 3rd period - Slapshot by Matt Boldy.
11:35 of 3rd period - Shot Misses the Net.
11:37 of 3rd period - Wrist shot by Ben Chiarot.
11:37 of 3rd period - Stopped by Thatcher Demko without a rebound.
11:38 of 3rd period - Yanni Gourde wins face-off versus Sebastian Aho in Calgary Flames zone.
11:41 of 3rd period - Snap shot by Yanni Gourde.
11:41 of 3rd period - Stopped by Thatcher Demko with a rebound.
11:43 of 3rd period - Wrist shot by Matt Boldy.
11:43 of 3rd period - Goal by Matt Boldy - Philadelphia Flyers : 3 - Calgary Flames : 2.
11:44 of 3rd period - J.T. Miller wins face-off versus Tyler Bertuzzi in neutral zone.
11:48 of 3rd period - Off-side.
11:49 of 3rd period - J.T. Miller wins face-off versus Elias Lindholm in neutral zone.
12:20 of 3rd period - Snap shot by Max Pacioretty.
12:20 of 3rd period - Stopped by Linus Ullmark without a rebound.
12:21 of 3rd period - Logan Couture wins face-off versus Evgenii Dadonov in Philadelphia Flyers zone.
12:57 of 3rd period - Wrist shot by Tomas Tatar.
12:57 of 3rd period - Shot Blocked by Jeff Petry.
12:59 of 3rd period - Wrist shot by Oliver Ekman-Larsson.
12:59 of 3rd period - Shot Misses the Net.
13:17 of 3rd period - Wrist shot by Kevin Fiala.
13:17 of 3rd period - Shot Blocked by Calvin de Haan.
13:33 of 3rd period - Snap shot by Sebastian Aho.
13:33 of 3rd period - Stopped by Linus Ullmark without a rebound.
13:34 of 3rd period - Elias Lindholm wins face-off versus Sebastian Aho in Philadelphia Flyers zone.
13:39 of 3rd period - Sebastian Aho is hit by Justin Faulk and loses puck.
13:48 of 3rd period - Slapshot by Travis Sanheim.
13:48 of 3rd period - Shot Blocked by Ben Chiarot.
13:54 of 3rd period - Snap shot by Sebastian Aho.
13:54 of 3rd period - Stopped by Linus Ullmark with a rebound.
14:02 of 3rd period - Wrist shot by Zach Hyman.
14:02 of 3rd period - Stopped by Linus Ullmark without a rebound.
14:03 of 3rd period - J.T. Miller wins face-off versus Calle Jarnkrok in Philadelphia Flyers zone.
14:08 of 3rd period - Snap shot by J.T. Miller.
14:08 of 3rd period - Shot Blocked by Evgenii Dadonov.
14:11 of 3rd period - Icing by Calvin de Haan.
14:12 of 3rd period - Calle Jarnkrok wins face-off versus J.T. Miller in Philadelphia Flyers zone.
14:12 of 3rd period - Calle Jarnkrok is hit by Kevin Fiala.
14:18 of 3rd period - Snap shot by Carter Verhaeghe.
14:18 of 3rd period - Stopped by Thatcher Demko with a rebound.
14:20 of 3rd period - Wrist shot by Calle Jarnkrok.
14:20 of 3rd period - Shot Misses the Net.
15:12 of 3rd period - Wrist shot by Calle Jarnkrok.
15:12 of 3rd period - Stopped by Thatcher Demko without a rebound.
15:13 of 3rd period - Logan Couture wins face-off versus Riley Sheahan in Calgary Flames zone.
15:13 of 3rd period - Logan Couture is hit by Tomas Tatar.
15:26 of 3rd period - Slapshot by Drew Doughty.
15:26 of 3rd period - Shot Misses the Net.
15:30 of 3rd period - Slapshot by Max Pacioretty.
15:30 of 3rd period - Stopped by Linus Ullmark with a rebound.
16:01 of 3rd period - Travis Sanheim is hit by Matt Boldy and loses puck.
16:28 of 3rd period - Slapshot by Joel Eriksson Ek.
16:28 of 3rd period - Shot Blocked by Evan Rodrigues.
16:30 of 3rd period - Snap shot by Jeff Petry.
16:30 of 3rd period - Deflect By Max Pacioretty.
16:30 of 3rd period - Shot Blocked by Yanni Gourde.
16:30 of 3rd period - Puck is out of play.
16:31 of 3rd period - Logan Couture wins face-off versus Yanni Gourde in Philadelphia Flyers zone.
16:48 of 3rd period - Matt Roy is hit by Kris Russell.
16:58 of 3rd period - Kevin Fiala is hit by Evgenii Dadonov.
17:24 of 3rd period - Minor Penalty to Max Pacioretty for Hooking.
17:25 of 3rd period - Elias Lindholm wins face-off versus Logan Couture in Calgary Flames zone.
17:26 of 3rd period - Snap shot by Tyler Bertuzzi.
17:26 of 3rd period - Stopped by Thatcher Demko with a rebound.
18:27 of 3rd period - Slapshot by Oliver Ekman-Larsson.
18:27 of 3rd period - Shot Misses the Net.
18:38 of 3rd period - Oliver Ekman-Larsson is hit by Sebastian Aho and loses puck.
19:24 of 3rd period - Penalty to Max Pacioretty is over, Max Pacioretty is back on ice.
19:31 of 3rd period - Wrist shot by Tomas Tatar.
19:31 of 3rd period - Shot Blocked by Ryan McDonagh.
19:33 of 3rd period - Snap shot by Ben Chiarot.
19:33 of 3rd period - Stopped by Thatcher Demko without a rebound.
19:34 of 3rd period - Bruce Boudreau call a timeout for Calgary Flames.
19:34 of 3rd period - Marcus Johansson wins face-off versus J.T. Miller in Calgary Flames zone.
19:49 of 3rd period - Wrist shot by Marcus Johansson.
19:49 of 3rd period - Stopped by Thatcher Demko with a rebound.
19:51 of 3rd period - Snap shot by Ben Chiarot.
19:51 of 3rd period - Shot Misses the Net.
19:57 of 3rd period - Slapshot by Tomas Tatar.
19:57 of 3rd period - Deflect By Alexander Barabanov.
19:57 of 3rd period - Shot Misses the Net.
19:57 of 3rd period - Puck is out of play.
19:58 of 3rd period - J.T. Miller wins face-off versus Marcus Johansson in Calgary Flames zone.
Goals for this period are 2 for Philadelphia Flyers vs 0 for Calgary Flames.
Shots for this period are 12 for Philadelphia Flyers vs 8 for Calgary Flames.
Back to the Top